 Dungeon Crawl Stone Soup version 0.28.0-43-g3370ac3207 (webtiles) character file.

Game seed: 5597397529805222277

242 pkoi the Insei (level 5, -6/45 HPs)
             Began as a Draconian Monk on Mar 15, 2022.
             Killed from afar by an orc wizard (7 damage)
             ... with a puff of flame
             ... on level 4 of the Dungeon.
             The game lasted 00:04:24 (4884 turns).

pkoi the Insei (Draconian Monk)                     Turns: 4884, Time: 00:04:24

Health: -6/45      AC:  5    Str: 13    XL:     5   Next: 81%
Magic:  5/5        EV: 12    Int: 12    God:
Gold:   64         SH:  0    Dex: 14    Spells: 4/4 levels left

rFire   . . .      SeeInvis .     - Unarmed
rCold   . . .      Faith    .   (no shield)
rNeg    . . .      Spirit   .   (armour unavailable)
rPois   .          Reflect  .   (helmet restricted)
rElec   .          Harm     .   (no cloak)
rCorr   .          Rampage  .   (no gloves)
Will    .....                   (no boots)
Stlth   ++........              (no amulet)
HPRegen 0.15/turn               (no ring)
MPRegen 0.09/turn               (no ring)

@: lethally poisoned (-6 -> -8)
A: AC +5, unfitting armour, cold-blooded
a: no special abilities


You were on level 4 of the Dungeon.
You visited 1 branch of the dungeon, and saw 4 of its levels.

You collected 64 gold pieces.

Inventory:

Hand Weapons
 a - a +0 long sword
Missiles
 d - 5 poisoned darts (quivered)
Jewellery
 g - an amulet of faith
Scrolls
 f - 2 scrolls of teleportation
 h - 3 scrolls of identify
 j - a scroll of noise {unknown}
 k - a scroll of vulnerability {unknown}
Potions
 c - a potion of magic


   Skills:
 + Level 3.4 Fighting
 + Level 2.8 Dodging
 - Level 1.7 Stealth
 * Level 6.5 Unarmed Combat


You had 4 spell levels left.
You didn't know any spells.
Your spell library was empty.

Dungeon Overview and Level Annotations

Branches:
Dungeon (4/15)
 Temple: D:4-7

Altars:
Elyvilon

Shops:
D:4 :

Annotations:
D:3 Grinder


Innate Abilities, Weirdness & Mutations

Your plain brown scales are hard. (AC +5)
You cannot fit into any form of body armour.
You are cold-blooded and may be slowed by cold attacks.


Message History

You are too confused!
Are you sure you want to stumble around while confused and next to your adder skeleton? [Y]es or [N]o only, please.
Are you sure you want to stumble around while confused and next to your adder skeleton? [Y]es or [N]o only, please.
Are you sure you want to stumble around while confused and next to your adder skeleton? [Y]es or [N]o only, please.
Are you sure you want to stumble around while confused and next to your adder skeleton? [Y]es or [N]o only, please.
Are you sure you want to stumble around while confused and next to your adder skeleton? [Y]es or [N]o only, please.
Are you sure you want to stumble around while confused and next to your adder skeleton?
Okay, then.
Your magic is already full.
Your magical effects are unravelling.
You feel magically purged.
You feel less confused.
* * * LOW HITPOINT WARNING * * *
You feel sick.
Your adder skeleton closely misses something.
You hear some strange, mumbled words.
Something tries to affect you, but you resist.
You swap places.
* * * LOW HITPOINT WARNING * * *
You feel sick.
You hear some strange, mumbled words.
Your ball python resists with significant effort.
* * * LOW HITPOINT WARNING * * *
You feel sick. Something hits your ball python.
Your ball python dies!
Your ball python's corpse dissolves into shadows!
* * * LOW HITPOINT WARNING * * *
You feel sick. Something hits your adder skeleton.
Your adder skeleton is destroyed!
Your adder skeleton dissolves into shadows!
* * * LOW HITPOINT WARNING * * *
You feel sick.
A puff of flame appears from out of thin air!
The puff of flame hits you!
You die...

#≈≈≈.≈≈≈.#####.#
##≈≈.≈≈........#
###.###.#####.#
#.......oo{.#
#.#.....###.#
######........##.#
....).>......?##.#
.#####........##.#
.# #.......###@#
.#####......## #.#
.......##..##**#.#
.####......(>,,..#
.# #.#*#..****###
.# #.# #..* .# #.#
#..#
†####.###..#####
...............#


There were no monsters in sight!

Vanquished Creatures
  A bullfrog (D:3)
  An iguana (D:4)
  4 adders
  An adder skeleton (D:4)
  3 worms (D:2)
  A dart slug (D:2)
  6 orcs
  13 ball pythons
  7 endoplasms
  4 giant cockroaches
  8 goblins
  5 hobgoblins
  7 jackals
  7 kobolds
  3 quokkas
  7 bats
  3 frilled lizards
  9 rats
90 creatures vanquished.

Vanquished Creatures (collateral kills)
  An orc (D:4)
1 creature vanquished.

Grand Total: 91 creatures vanquished

Notes
Turn   | Place    | Note
-------+----------+-------------------------------------------
     0 | D:1      | pkoi the Draconian Monk began the quest for the Orb.
     0 | D:1      | Reached XP level 1. HP: 19/19 MP: 1/1
   243 | D:1      | Reached XP level 2. HP: 26/26 MP: 2/2
   633 | D:1      | Reached skill level 4 in Unarmed Combat
   982 | D:1      | Reached XP level 3. HP: 24/31 MP: 3/3
  2672 | D:2      | Reached XP level 4. HP: 33/38 MP: 4/4
  2743 | D:2      | Reached skill level 5 in Unarmed Combat
  3682 | D:3      | Found a white marble altar of Elyvilon.
  4136 | D:3      | Noticed a bullfrog
  4223 | D:3      | Killed a bullfrog
  4224 | D:3      | Reached skill level 6 in Unarmed Combat
  4224 | D:3      | Reached XP level 5. HP: 35/45 MP: 5/5
  4290 | D:3      | Noticed Grinder
  4825 | D:4      | Found Zijexun's Self-Improvement Boutique.
  4882 | D:4      | HP: 2/45 [poisoned by an orc wizard]
  4884 | D:4      | Killed from afar by an orc wizard

Illustrated notes

Levels and vault maps discovered:
D:1:      lemuel_arrival_river_ford, layout_loops_ring, nrook_loot_triangle,
          chequers_serial_rivers_marsh
D:2:      layout_loops_corners
D:3:      layout_basic, mainiacjoe_overflow_cross_hatched,
          dilly_ecumenical_altar_fadedgnrine, corexii_item_surrounded_by_moat,
          minmay_bisected, uniq_grinder
D:4:      minmay_polygon_palace, layout_loops_ring, kennysheep_mini,
          nicolae_shop_self_help

Skill      XL: |  1  2  3  4 |
---------------+-------------+-----
Unarmed Combat | 4 6 |  6.5
Fighting       | |  3.4
Dodging        | |  2.8
Stealth        | |  1.7

Action                   |  1- 3 |  4- 6 || total
-------------------------+-------+-------++-------
Melee: Unarmed           |   150 |   140 ||   290
       Tailslap          |    17 |    18 ||    35
       Punch             |     1 |     9 ||    10
  Use: Scroll            |     3 |     4 ||     7
       Potion            |     2 |     1 ||     3
 Stab: Sleeping          |     2 |    10 ||    12
Armor: Skin              |    35 |    47 ||    82
Dodge: Dodged            |    84 |    70 ||   154
